 Dungeon Crawl Stone Soup version 0.24.0-123-gd5b16e6ec5 (webtiles) character file.

Game seed: 777062733007715282, levelgen mode: deterministic

282 brucemayne the Cleaver (level 6, -5/51 HPs)
             Began as a Hill Orc Monk on Jan 25, 2020.
             Slain by an ice beast (11 damage)
             ... on level 5 of the Dungeon.
             The game lasted 00:04:45 (1246 turns).

brucemayne the Cleaver (Hill Orc Monk)              Turns: 1246, Time: 00:04:46

Health: -5/51      AC: 10    Str: 16    XL:     6   Next: 28%
Magic:  6/6        EV: 12    Int: 10    God:
Gold:   79         SH:  0    Dex: 13    Spells: 5/5 levels left

rFire    . . .     SeeInvis .   a - +0 hand axe
rCold    . . .     Gourm    .   (no shield)
rNeg     . . .     Faith    .   j - +0 chain mail (curse)
rPois    .         Spirit   .   (no helmet)
rElec    .         Reflect  .   (no cloak)
rCorr    .         Harm     .   (no gloves)
MR       .....                  (no boots)
Stlth    ..........             (no amulet)
HPRegen  0.17/turn              l - +2 ring of protection
MPRegen  0.10/turn              p - +5 ring of evasion

@: no status effects
A: no striking features
a: no special abilities


You were on level 5 of the Dungeon.
You were not hungry.

You visited 1 branch of the dungeon, and saw 5 of its levels.

You collected 79 gold pieces.

Inventory:

Hand Weapons
 a - a +0 hand axe (weapon)
Missiles
 m - 6 javelins (quivered)
Armour
 b - a +0 robe
 g - a +0 leather armour
 j - a cursed +0 chain mail (worn)
 q - a +0 scale mail
Jewellery
 l - a +2 ring of protection (left hand)
 p - a +5 ring of evasion (right hand)
Scrolls
 f - 3 scrolls of identify {unknown}
 i - a scroll of teleportation {unknown}
 k - a scroll of enchant armour {unknown}
 n - a scroll of remove curse {unknown}
Comestibles
 c - 3 rations
 r - a chunk of flesh


   Skills:
 - Level 3.6 Fighting
 + Level 9.0 Axes
 - Level 2.4 Dodging
 - Level 1.5 Stealth


You had 5 spell levels left.
You didn't know any spells.
Your spell library was empty.

Dungeon Overview and Level Annotations

Branches:
Dungeon (5/15)
 Temple: D:4-7

Altars:
Gozag
Ru
Vehumet

Annotations:
D:4 Grinder


Message History

It was a potion of resistance.
You feel protected.
The ice beast hits you but does no damage.
It was a potion of cancellation.
Your magical effects are unravelling.
You feel magically purged.
Your magical contamination has completely faded away.
You flicker back into view.
You feel a little less mighty now.
Your resistance to elements expires.
The ice beast hits you but does no damage.
There is a stone staircase leading up here.
You aren't carrying any items that you can evoke.
Unknown command.
You aren't carrying any potions.
Unknown command.
Okay, then.
The ice beast hits you.
* * * LOW HITPOINT WARNING * * *
The ice beast freezes you!
You die...

..# #.# #.# #.#
#.# #.# #.# #.#
#################
#.# #.#
#...)....<......#
#.# #.#
#.#############.#
#.# #.# #.# #..
#Y######.###.#
#Y###.#
#.@..........#
...##.#
######...#####
.#..#.# #.###
..#.#.# #.#
#.._..# #.#
###.#.# #.#
..#.#.# #.#
#.#(..# #.#
#.###.# ..#


You could see an ice beast.

Vanquished Creatures
  An ogre (D:5)
  A bullfrog (D:3)
  A centaur zombie (D:4)
  An orc wizard (D:2)
  A worker ant (D:4)
  2 adders
  An ooze (D:3)
  A ball python (D:2)
  5 bats
  2 giant cockroaches (D:2)
  3 goblins
  4 hobgoblins
  2 quokkas
  3 kobolds
  4 rats
32 creatures vanquished.

Notes
Turn   | Place    | Note
-------+----------+-------------------------------------------
     0 | D:1      | brucemayne the Hill Orc Monk began the quest for the Orb.
     0 | D:1      | Reached XP level 1. HP: 19/19 MP: 1/1
   207 | D:2      | Reached XP level 2. HP: 19/26 MP: 2/2
   237 | D:2      | Reached skill level 5 in Axes
   266 | D:2      | Reached XP level 3. HP: 29/31 MP: 3/3
   305 | D:2      | Reached skill level 6 in Axes
   384 | D:2      | Found an opulent altar of Gozag.
   635 | D:3      | Noticed a bullfrog
   645 | D:3      | Killed a bullfrog
   645 | D:3      | Reached skill level 7 in Axes
   645 | D:3      | Reached XP level 4. HP: 23/39 MP: 4/4
   645 | D:3      | Reached XP level 5. HP: 27/45 MP: 5/5
   830 | D:4      | Noticed Grinder
  1041 | D:4      | Found a sacrificial altar of Ru.
  1096 | D:4      | Reached skill level 8 in Axes
  1140 | D:5      | Entered Level 5 of the Dungeon
  1184 | D:5      | Found a radiant altar of Vehumet.
  1190 | D:5      | Noticed an ice beast
  1210 | D:5      | Noticed an ogre
  1231 | D:5      | Killed an ogre
  1231 | D:5      | Reached skill level 9 in Axes
  1231 | D:5      | Reached XP level 6. HP: 6/51 MP: 6/6
  1246 | D:5      | Slain by an ice beast

Levels and vault maps discovered:
D:1:      dpeg_arrival_three_smaller_balls, layout_basic
D:2:      layout_loops_corners, grunt_gozag_statues
D:3:      layout_basic, chequers_ecumenical_altar_grove
D:4:      layout_basic, nicolae_overflow_crystal_walls,
          minmay_temple_entry_proselytizer, serial_shops,
          nicolae_shop_window_shopping, minmay_misc_feat_rows,
          hangedman_decor_push, uniq_grinder
D:5:      layout_loops_ring, grunt_temple_overflow_champion_of_chaos,
          nicolae_dithmenos_shadow_blocks, lemuel_crystal_altar, first_ration

Skill      XL: |  1  2  3  4  5 |
---------------+----------------+-----
Axes           | 5 7 9 |  9.0
Fighting       | |  3.6
Dodging        | |  2.4
Stealth        | |  1.5

Action                   |  1- 3 |  4- 6 || total
-------------------------+-------+-------++-------
Melee: Hand axe          |    87 |    41 ||   128
  Use: Potion            |     1 |     6 ||     7
 Stab: Sleeping          |     3 |       ||     3
  Eat: Ration            |       |     1 ||     1
Armor: Leather armour    |    30 |       ||    30
       Robe              |     4 |       ||     4
       Chain mail        |       |    25 ||    25
Dodge: Dodged            |    72 |    31 ||   103
